 Dungeon Crawl Stone Soup version 0.29.1-15-g9cfb28693d (webtiles) character file.

Game seed: 9009789951182300393

56 protoss039 the Digger (level 3, -4/17 (27) HPs)
             Began as a Demonspawn Earth Elementalist on Mar 17, 2023.
             Slain by Terence
             ... wielding a +2 hand axe of draining
              (5 damage)
             ... on level 2 of the Dungeon.
             The game lasted 00:02:04 (1588 turns).

protoss039 the Digger (DsEE)                        Turns: 1588, Time: 00:02:04

HP:   -4/17 (27)    AC:  5    Str:  8    XL:     3   Next: 71%
MP:   6/7           EV: 10    Int: 18    God:
Gold: 94            SH:  0    Dex: 13    Spells: 6/7 levels left

rFire   . . .      SeeInvis .   f - +0 short sword
rCold   . . .      Faith    .   (no shield)
rNeg    . . .      Spirit   .   j - +0 ring mail
rPois   .          Reflect  .   (no helmet)
rElec   .          Harm     .   (no cloak)
rCorr   .          Rampage  .   (no gloves)
Will    .....                   (no boots)
Stlth   +.........              (no amulet)
HPRegen 0.05/turn               (no ring)
MPRegen 0.10/turn               (no ring)

@: very heavily drained
A: ignite blood 1
a: no special abilities


You were on level 2 of the Dungeon.
You visited 1 branch of the dungeon, and saw 2 of its levels.

You collected 94 gold pieces.

Inventory:

Hand Weapons
 f - a +0 short sword (weapon)
Missiles
 k - 2 throwing nets
Armour
 j - a +0 ring mail (worn)
Scrolls
 a - a scroll of teleportation
 e - a scroll of identify
 l - a scroll of brand weapon {unknown}
Potions
 b - a potion of magic
 c - 2 potions of resistance
 g - a potion of haste {unknown}
 h - a potion of flight {unknown}
 i - a potion of might {unknown}
 m - a potion of mutation {unknown}
 n - a potion of lignification {unknown}


   Skills:
 + Level 1.8 Fighting
 - Level 1.7 Dodging
 - Level 1.7 Stealth
 + Level 2.7 Spellcasting
 - Level 0.8 Transmutations
 + Level 3.2 Earth Magic


You had 6 spell levels left.
You knew the following spells:

 Your Spells              Type           Power      Damage    Failure   Level
a - Sandblast             Erth           28%        2d8       14%         1

Your spell library contained the following spells:

 Spells                   Type           Power      Damage    Failure   Level
 Passwall                 Tmut/Erth      7%         N/A       32%         2
 Stone Arrow              Conj/Erth      16%        3d8       61%         3
 Gell's Gravitas          Tloc           2%         N/A       83%         3
 Teleport Other           Tloc           2%         N/A       83%         3
 Petrify                  Tmut/Erth      9%         N/A       91%         4
 Dispersal                Tloc           1%         N/A       100%        6


Dungeon Overview and Level Annotations

Branches:
Dungeon (2/15) Zot: 10389

Altars:

Shops:
D:1 (

Annotations:
D:2 Terence


Innate Abilities, Weirdness & Mutations

Your demonic aura sometimes causes spilled blood to erupt in flames.


Message History

Terence closely misses you.
You hit Terence but do no damage.
Terence is moderately wounded.
Terence hits you with a +2 hand axe of draining.
You feel drained.
You barely miss Terence.
Terence is moderately wounded.
Terence hits you with a +2 hand axe of draining.
You feel drained.
You hit Terence but do no damage.
Terence is moderately wounded.
Terence closely misses you.
You closely miss Terence.
Terence is moderately wounded.
Terence closely misses you.
Terence hits you with a +2 hand axe of draining.
* * * LOW HITPOINT WARNING * * *
You feel drained.
* * * LOW HITPOINT WARNING * * *
Unknown command.
You feel better.
Terence hits you with a +2 hand axe of draining.
You feel drained.
Unknown command.
You hit Terence but do no damage.
Terence is moderately wounded.
Terence hits you with a +2 hand axe of draining.
* * * LOW HITPOINT WARNING * * *
You feel drained.
* * * LOW HITPOINT WARNING * * *
Unknown command.
You feel better.
Terence hits you with a +2 hand axe of draining!
* * * LOW HITPOINT WARNING * * *
You feel drained.
* * * LOW HITPOINT WARNING * * *
Unknown command.
Terence attacks as you move away!
Terence hits you with a +2 hand axe of draining.
You die...

#. #.##### #.....# .
#.....#############
....##.................#
................)>...#.#
....##.#.#...####.##.#.#
. #.#...@.......#.#.#
#.####○@####..#.#.# #.
#.....<÷...#.#.# #.
#.##..÷.#..#.#.# #.
#.#..........#.# #.
#.#......÷~~...# #.
#.#.....~~~~~..#
#.##.#.##..~~~~~..#
#.....(##..~~~~~..#
#......##..~~~~~..#


You could see Terence.

Vanquished Creatures
  2 adders (D:2)
  4 dart slugs (D:1)
  3 endoplasms (D:1)
  2 giant cockroaches (D:1)
  3 hobgoblins (D:1)
  2 jackals (D:2)
  3 ball pythons (D:1)
  2 bats (D:1)
  5 frilled lizards
  3 kobolds (D:1)
  3 rats
32 creatures vanquished.

Notes
Turn   | Place    | Note
-------+----------+-------------------------------------------
     0 | D:1      | protoss039 the Demonspawn Earth Elementalist began the
                  | quest for the Orb.
     0 | D:1      | Reached XP level 1. HP: 13/13 MP: 3/3
   257 | D:1      | Found Hingeakh's Weapon Emporium.
   632 | D:1      | Gained mutation: Your demonic aura sometimes causes spilled
                  | blood to erupt in flames. [demonic ancestry]
   632 | D:1      | Reached XP level 2. HP: 18/20 MP: 5/5
   748 | D:1      | Reached skill level 1 in Fighting
   783 | D:1      | Reached skill level 3 in Earth Magic
  1000 | D:1      | Reached XP level 3. HP: 25/26 MP: 1/6
  1565 | D:2      | Noticed Terence
  1588 | D:2      | Slain by Terence

Illustrated notes

Levels and vault maps discovered:
D:1:      amcnicky_arrival_double_pillar, layout_basic, serial_shops, shop
D:2:      layout_basic, basic_altar, minmay_lizard_pond, uniq_terence

Skill      XL: |  1  2 |
---------------+-------+-----
Fighting       | 1 |  1.8
Earth Magic    | 3 |  3.2
Dodging        | |  1.7
Stealth        | |  1.7
Spellcasting   | |  2.7
Transmutations | |  0.8

Action                   || total
-------------------------++-------
Melee: Short sword       ||    46
       Punch             ||     1
 Cast: Sandblast         ||    36
  Use: Scroll            ||     3
       Potion            ||     2
 Stab: Sleeping          ||     2
Armor: Ring mail         ||    24
Dodge: Dodged            ||    60
